 Dungeon Crawl Stone Soup version 0.20.1-1-g8b1a95d (webtiles) character file.

69 TheGuigne the Poker (level 4, 37/37 HPs)
             Began as a Minotaur Gladiator on Aug 22, 2017.
             Quit the game on level 3 of the Dungeon.
             The game lasted 00:03:39 (1587 turns).

TheGuigne the Poker (Minotaur Gladiator)            Turns: 1587, Time: 00:03:40

Health: 37/37      AC:  5    Str: 18    XL:     4   Next: 2%
Magic:  3/3        EV: 12    Int:  6    God:
Gold:   143        SH:  0    Dex: 12    Spells: 3/3 levels left

rFire    . . .     SeeInvis .   b - +0 hunting sling
rCold    . . .     Gourm    .   (no shield)
rNeg     . . .     Faith    .   m - +0 ring mail
rPois    .         Spirit   .   c - +0 hat
rElec    .         Reflect  .   (no cloak)
rCorr    .         Harm     .   (no gloves)
MR       .....                  (no boots)
Stlth    +.........             (no amulet)
Regen    0.2/turn               i - ring of wizardry
MPRegen  0.1/turn               (no ring)

@: no status effects
A: retaliatory headbutt, horns 2
a: no special abilities


You were on level 3 of the Dungeon.
You were not hungry.

You visited 1 branch of the dungeon, and saw 3 of its levels.

You collected 143 gold pieces.

Inventory:

Hand Weapons
 a - a +0 trident
 b - a +0 hunting sling (weapon)
Missiles
 d - 3 throwing nets
 g - 72 stones (quivered)
Armour
 c - a +0 hat (worn)
 m - a +0 ring mail (worn)
 r - a +0 leather armour
Jewellery
 i - a ring of wizardry (left hand)
 w - an uncursed ring of wizardry
Scrolls
 e - 3 scrolls of identify {unknown}
 j - 2 scrolls of blinking {unknown}
 l - 3 scrolls of teleportation {unknown}
 q - a scroll of remove curse {unknown}
 s - a scroll of fog {unknown}
 x - a scroll of fear {unknown}
Potions
 o - a potion of agility {unknown}
 p - 3 potions of flight {unknown}
 t - 2 potions of might {unknown}
 u - a potion of curing {unknown}
Comestibles
 f - 4 bread rations
 h - a royal jelly
 k - a fruit
 n - a meat ration
 v - 2 chunks of flesh


   Skills:
 - Level 2.4 Fighting
 + Level 5.9 Polearms
 - Level 2.0 Throwing
 - Level 3.2 Dodging


You had 3 spell levels left.
You didn't know any spells.

Dungeon Overview and Level Annotations

Branches:
Dungeon (3/15)

Altars:
Kikubaaqudgha


Innate Abilities, Weirdness & Mutations

You reflexively headbutt those who attack you in melee.
You have a pair of horns on your head.


Message History

You feel agile.
g - 70 stones (gained 1)
g - 71 stones (gained 1)
g - 72 stones (gained 1) Key pressed, stopping explore.
Unknown command.
A goblin comes into view. It is wielding a club.
The goblin shouts!
Firing (i - inventory. (,) - cycle):
g - 72 stones (quivered)
Press: ? - help, Shift-Dir - straight line, f - goblin
Aim: a goblin, wielding a club You shoot a stone.
The stone hits the goblin.
You kill the goblin!
g - 72 stones (gained 1)
You see here a club.
Some of the chunks of flesh in your inventory have rotted away.
Found an ancient bone altar of Kikubaaqudgha.
Quiver which item? (- for none, * to show all) (? for menu, Esc to quit)
Okay, then.
Are you sure you want to abandon this character and quit the game? (Confirm with "yes".)

#.........########..
#.####.#.## ### #.#
#.#.# #
#################### #
...................# #
..#...#...#...#...### #
_!..................#
..#...#...#...#...#.####
.......@....)...........
#####################.##
#.# #.# #.# #.# #.# #.#
#.#


There were no monsters in sight!

Vanquished Creatures
  An adder (D:3)
  A worm (D:2)
  3 leopard geckos (D:1)
  8 bats
  3 giant cockroaches
  5 goblins
  3 hobgoblins
  6 jackals
  2 quokkas (D:3)
  3 frilled lizards
  9 kobolds
  5 rats
49 creatures vanquished.

Notes
Turn   | Place    | Note
-------+----------+-------------------------------------------
     0 | D:1      | TheGuigne the Minotaur Gladiator began the quest for the Orb.
     0 | D:1      | Reached XP level 1. HP: 18/18 MP: 0/0
    52 | D:1      | Reached skill level 4 in Polearms
   149 | D:1      | Reached XP level 2. HP: 16/25 MP: 1/1
   732 | D:1      | Reached skill level 5 in Polearms
   816 | D:2      | Reached XP level 3. HP: 29/30 MP: 2/2
  1503 | D:3      | Reached XP level 4. HP: 34/37 MP: 3/3
  1586 | D:3      | Found an ancient bone altar of Kikubaaqudgha.
  1587 | D:3      | Quit the game

Skill      XL: |  1  2 |
---------------+-------+-----
Polearms       | 4 5 |  5.9
Fighting       | |  2.4
Throwing       | |  2.0
Dodging        | |  3.2

Action                   |  1- 3 |  4- 6 || total
-------------------------+-------+-------++-------
Melee: Trident           |    99 |       ||    99
       Headbutt          |    13 |       ||    13
 Fire: Hunting sling     |    13 |     1 ||    14
  Eat: Chunk             |     2 |       ||     2
Armor: Leather armour    |     6 |       ||     6
       Ring mail         |    19 |       ||    19
Dodge: Dodged            |    54 |       ||    54
